 Dungeon Crawl Stone Soup version 0.29.1 (webtiles) character file.

Game seed: 7191499041143651632

82 Frenzy the Trooper (level 4, 0/41 HPs)
             Began as a Hill Orc Fighter on Sept 13, 2022.
             Slain by an orc
             ... wielding a +0 trident
              (3 damage)
             ... on level 3 of the Dungeon.
             The game lasted 00:05:18 (1398 turns).

Frenzy the Trooper (Hill Orc Fighter)               Turns: 1398, Time: 00:05:19

Health: 0/41       AC:  8    Str: 20    XL:     4   Next: 43%
Magic:  4/4        EV:  9    Int:  8    God:
Gold:   186        SH:  4    Dex: 10    Spells: 3/3 levels left

rFire   . . .      SeeInvis .   g - +0 broad axe
rCold   . . .      Faith    .   c - +0 buckler
rNeg    . . .      Spirit   .   b - +0 scale mail
rPois   .          Reflect  .   e - +0 helmet
rElec   .          Harm     .   (no cloak)
rCorr   +          Rampage  .   (no gloves)
Will    .....                   (no boots)
Stlth   ..........              (no amulet)
HPRegen 0.13/turn               o - ring of resist corrosion
MPRegen 0.09/turn               (no ring)

@: no status effects
A: no striking features
a: no special abilities


You were on level 3 of the Dungeon.
You visited 1 branch of the dungeon, and saw 3 of its levels.

You collected 186 gold pieces.

Inventory:

Hand Weapons
 a - a +0 war axe
 g - a +0 broad axe (weapon)
Armour
 b - a +0 scale mail (worn)
 c - a +0 buckler (worn)
 e - a +0 helmet (worn)
Jewellery
 o - a ring of resist corrosion (left hand)
Scrolls
 h - a scroll of poison {unknown}
Potions
 d - a potion of might
 f - a potion of haste {unknown}
 k - a potion of heal wounds
 m - a potion of curing {unknown}
 n - a potion of mutation {unknown}


   Skills:
 + Level 4.3 Fighting
 + Level 4.2 Axes
 + Level 3.9 Armour
 + Level 0.3 Dodging
 + Level 3.6 Shields


You had 3 spell levels left.
You didn't know any spells.
Your spell library was empty.

Dungeon Overview and Level Annotations

Branches:
Dungeon (3/15)

Altars:

Shops:
D:3 ?


Message History

The iceblast engulfs the orc!
The orc dies!
The orc throws a stone.
You block the stone.
You hit the quokka.
The quokka is moderately wounded.
The orc misses you.
The quokka bites you but does no damage.
You feel much better. The quokka barely misses you.
The orc hits you from afar with a +0 trident.
The quokka barely misses you.
You hit the quokka.
The quokka is severely wounded.
The orc completely misses you. You block the quokka's attack.
The orc hits you but does no damage.
You slash the quokka!
You kill the quokka!
The orc hits you from afar with a +0 trident.
You hit the orc but do no damage. The orc hits you with a +0 whip.
The orc hits you from afar with a +0 trident!
* * * LOW HITPOINT WARNING * * *
The orc closely misses you. The orc hits you with a +0 whip.
* * * LOW HITPOINT WARNING * * *
You slash the orc!
You kill the orc!
The orc hits you but does no damage. The orc barely misses you.
Items here: !! $ ( )))) / ? [[ †.
You closely miss the orc. The orc hits you with a +0 trident.
* * * LOW HITPOINT WARNING * * *
The orc hits you with a +0 trident.
* * * LOW HITPOINT WARNING * * *
You closely miss the orc. The orc barely misses you.
You hit the orc but do no damage. The orc hits you with a +0 trident.
* * * LOW HITPOINT WARNING * * *
You hit the orc but do no damage. You block the orc's attack.
The orc barely misses you.
You hit the orc.
The orc is moderately wounded.
The orc hits you with a +0 trident.
You die...

....... .......
#.# ....... #.#
....... #.#
##....... #.#
#........ #.#
#o....... #.#
#@# #.# ##.#
###.###..#
#.......##
###.#.#####
#######...#.####
#..............#
#.##.#####.....#
#.#..# #.....#


You could see an orc.

Vanquished Creatures
  2 adders (D:2)
  2 worms (D:2)
  3 dart slugs
  4 orcs (D:3)
  10 ball pythons
  2 endoplasms
  6 goblins
  3 hobgoblins
  4 jackals (D:3)
  5 kobolds
  3 quokkas
  A bat (D:1)
  3 rats
48 creatures vanquished.

Vanquished Creatures (others)
  An orc (D:3)
1 creature vanquished.

Grand Total: 49 creatures vanquished

Notes
Turn   | Place    | Note
-------+----------+-------------------------------------------
     0 | D:1      | Frenzy the Hill Orc Fighter began the quest for the Orb.
     0 | D:1      | Reached XP level 1. HP: 19/19 MP: 1/1
    96 | D:1      | Reached XP level 2. HP: 24/27 MP: 2/2
   602 | D:1      | Reached XP level 3. HP: 33/33 MP: 3/3
   733 | D:2      | Found a faded altar of an unknown god.
   969 | D:2      | Reached XP level 4. HP: 18/40 MP: 4/4
  1209 | D:3      | Found Ycaeny's Magic Scroll Shoppe.
  1398 | D:3      | Slain by an orc

Illustrated notes

Levels and vault maps discovered:
D:1:      dpeg_arrival_ternary, layout_basic
D:2:      layout_basic, hellmonk_ecumenical_altar_run_dry
D:3:      layout_basic, serial_shops, nicolae_shop_statue_plus

Skill      XL: |  1  2  3  4 |
---------------+-------------+-----
Axes           | 3 4 |  4.2
Fighting       | 4 |  4.3
Armour         | |  3.9
Dodging        | |  0.3
Shields        | |  3.6

Action                   |  1- 3 |  4- 6 || total
-------------------------+-------+-------++-------
Melee: War axe           |    21 |       ||    21
       Broad axe         |    86 |    48 ||   134
  Use: Scroll            |       |     5 ||     5
       Potion            |       |     1 ||     1
Armor: Scale mail        |    65 |    32 ||    97
Dodge: Dodged            |    48 |    22 ||    70
Block: Buckler           |    24 |    13 ||    37
